IL
IOWA CUBS @ LAS VEGAS 51S
08/19/2044
 
TOP OF THE 1ST
Iowa Cubs batting - Pitching for Las Vegas 51s : RHP Felipe Hinojosa
Pitching: RHP Felipe Hinojosa
Batting: LHB Barend van der Kamp 0-0: SINGLE (Groundball, 4MD, EV 100.6 MPH)
Batting: RHB Pat Barton 0-0: Ball
1-0: Called Strike
Barend van der Kamp steals 2nd base (no throw)
1-1: Fly out, F4 (Line Drive, 4, EV 65.6 MPH)
Batting: RHB Butch Koglin 0-0: Ball
1-0: Ball
2-0: Ball
3-0: Base on Balls
Batting: LHB J.D. Brenner 0-0: Ball
Barend van der Kamp steals 3rd base
1-0: Ball
2-0: Called Strike
2-1: Ball
3-1: Called Strike
3-2: Base on Balls
Butch Koglin to second
Batting: LHB Rich Atterberry 0-0: Ball
1-0: Grounds into double play, 6-4-3 (Groundball, 6, EV 77.5 MPH)
Top of the 1st over - 0 runs, 1 hit, 0 errors, 2 left on base; Iowa 0 - Las Vegas 0
BOTTOM OF THE 1ST
Las Vegas 51s batting - Pitching for Iowa Cubs : RHP Pat Stone
Pitching: RHP Pat Stone
Batting: RHB Jordan Martin 0-0: Called Strike
0-1: Ground out 6-3 (Groundball, 6, EV 92.5 MPH)
Batting: SHB Billy Encinias 0-0: Ball
1-0: Foul Ball, location: 2F
1-1: Called Strike
1-2: Foul Ball, location: 2F
1-2: Ball
2-2: Foul Ball, location: 2F
2-2: Ball
3-2: Foul Ball, location: 2F
3-2: Fly out, F5 (Popup, 5, EV 60.0 MPH)
Batting: SHB Roberto Magne 0-0: Ball
1-0: Ball
2-0: Called Strike
2-1: Called Strike
2-2: Ball
3-2: Ground out 3-1 (Groundball, 34S, EV 81.3 MPH)
Bottom of the 1st over - 0 runs, 0 hits, 0 errors, 0 left on base; Iowa 0 - Las Vegas 0
TOP OF THE 2ND
Iowa Cubs batting - Pitching for Las Vegas 51s : RHP Felipe Hinojosa
Batting: SHB Seung-ho Zhang 0-0: SOLO HOME RUN (Flyball, 9D, EV 98.8 MPH), Distance : 365 ft
Batting: SHB Nick Chandler 0-0: Fly out, F7 (Flyball, 7, EV 85.6 MPH)
Batting: LHB Jose Mojica 0-0: Called Strike
0-1: Called Strike
0-2: Ground out U3 (Groundball, 3, EV 83.8 MPH)
Batting: LHB Bobby Adams 0-0: SINGLE (Groundball, 6MD, EV 103.1 MPH)
Batting: LHB Barend van der Kamp Pickoff Throw to First - Out! 1-3
Top of the 2nd over - 1 run, 2 hits, 0 errors, 0 left on base; Iowa 1 - Las Vegas 0
BOTTOM OF THE 2ND
Las Vegas 51s batting - Pitching for Iowa Cubs : RHP Pat Stone
Batting: SHB Josh Schultze 0-0: Ground out 4-3 (Groundball, 4, EV 83.1 MPH)
Batting: LHB Bill Armijo 0-0: Ground out 4-3 (Groundball, 4MS, EV 78.1 MPH)
Batting: LHB Adam Hairston 0-0: Ball
1-0: Foul Ball, location: 2F
1-1: Foul Ball, location: 2F
1-2: Foul Ball, location: 2F
1-2: Foul Ball, location: 2F
1-2: Strikes out looking
Bottom of the 2nd over - 0 runs, 0 hits, 0 errors, 0 left on base; Iowa 1 - Las Vegas 0
TOP OF THE 3RD
Iowa Cubs batting - Pitching for Las Vegas 51s : RHP Felipe Hinojosa
Batting: LHB Barend van der Kamp 0-0: Called Strike
0-1: Ball
1-1: Foul Ball, location: 2F
1-2: Foul Ball, location: 2F
1-2: Ball
2-2: Foul Ball, location: 2F
2-2: Ball
3-2: Base on Balls
Batting: RHB Pat Barton 0-0: Foul Ball, location: 2F
0-1: DOUBLE (Groundball, 5L, EV 108.8 MPH)
Barend van der Kamp to third
Batting: RHB Butch Koglin 0-0: Ball
1-0: Ground out 6-3 (Groundball, 6, EV 86.9 MPH)
Barend van der Kamp scores
Batting: LHB J.D. Brenner 0-0: Called Strike
0-1: Ground out 6-3 (Groundball, 6, EV 90.6 MPH)
Batting: LHB Rich Atterberry 0-0: Ball
1-0: Called Strike
1-1: Ball
2-1: Foul Ball, location: 2F
2-2: Ball
3-2: Base on Balls
Batting: SHB Seung-ho Zhang 0-0: Ball
1-0: Ball
2-0: Called Strike
2-1: Fly out, F9 (Flyball, 89M, EV 86.9 MPH)
Top of the 3rd over - 1 run, 1 hit, 0 errors, 2 left on base; Iowa 2 - Las Vegas 0
BOTTOM OF THE 3RD
Las Vegas 51s batting - Pitching for Iowa Cubs : RHP Pat Stone
Batting: LHB Ben Goldstein 0-0: Ball
1-0: Called Strike
1-1: Called Strike
1-2: Ball
2-2: Strikes out looking
Batting: RHB Seth Daniel 0-0: Ball
1-0: Foul Ball, location: 2F
1-1: Ball
2-1: Ball
3-1: Base on Balls
Batting: RHB Leon Edwards 0-0: Foul Ball, location: 2F
0-1: Ball
1-1: Grounds into double play, 6-4-3 (Groundball, 6, EV 79.4 MPH)
Bottom of the 3rd over - 0 runs, 0 hits, 0 errors, 0 left on base; Iowa 2 - Las Vegas 0
TOP OF THE 4TH
Iowa Cubs batting - Pitching for Las Vegas 51s : RHP Felipe Hinojosa
Batting: SHB Nick Chandler 0-0: Ball
1-0: Ball
2-0: DOUBLE (Line Drive, 89D, EV 106.3 MPH)
Batting: LHB Jose Mojica 0-0: Ball
1-0: Foul Ball, location: 2F
1-1: Swinging Strike
1-2: Ball
2-2: Ball
3-2: Foul Ball, location: 2F
3-2: Foul Ball, location: 2F
3-2: Base on Balls
Batting: LHB Bobby Adams 0-0: Fielders Choice at 2nd, 3-6 (Groundball, 34, EV 86.9 MPH)
Nick Chandler to third
Batting: LHB Barend van der Kamp 0-0: Ball
1-0: Ball
2-0: Ball
3-0: Base on Balls
Bobby Adams to second
Batting: RHB Pat Barton 0-0: Ball
1-0: Ball
2-0: GRAND SLAM HOME RUN (Flyball, 7LD, EV 92.5 MPH), Distance : 351 ft
Pitching: LHP Ryan Price
Batting: RHB Butch Koglin 0-0: Ball
1-0: Called Strike
1-1: Foul Ball, location: 2F
1-2: Ball
2-2: Ball
3-2: Fly out, F8 (Line Drive, 8LM, EV 97.5 MPH)
Batting: LHB J.D. Brenner 0-0: Ball
1-0: Foul Ball, location: 2F
1-1: Called Strike
1-2: Strikes out looking
Top of the 4th over - 4 runs, 2 hits, 0 errors, 0 left on base; Iowa 6 - Las Vegas 0
BOTTOM OF THE 4TH
Las Vegas 51s batting - Pitching for Iowa Cubs : RHP Pat Stone
Batting: RHB Jordan Martin 0-0: Called Strike
0-1: Ball
1-1: Foul Ball, location: 2F
1-2: Foul Ball, location: 2F
1-2: SINGLE (Line Drive, 9S, EV 86.3 MPH)
Batting: SHB Billy Encinias 0-0: Called Strike
0-1: Foul Ball, location: 2F
0-2: Fly out, F9 (Line Drive, 89M, EV 93.8 MPH)
Batting: SHB Roberto Magne 0-0: Foul Ball, location: 2F
0-1: Ball
1-1: Called Strike
1-2: Ball
2-2: 2-RUN HOME RUN (Flyball, 7D, EV 99.4 MPH), Distance : 375 ft
Batting: SHB Josh Schultze 0-0: Foul Ball, location: 2F
0-1: Foul Ball, location: 2F
0-2: Hit by Pitch
Batting: LHB Bill Armijo 0-0: Ball
1-0: Foul Ball, location: 2F
1-1: Called Strike
1-2: Ball
2-2: Foul Ball, location: 2F
2-2: Foul Ball, location: 2F
2-2: Ball
3-2: Foul Ball, location: 2F
3-2: Foul Ball, location: 2F
3-2: Fly out, F8 (Flyball, 8LM, EV 95.0 MPH)
Batting: LHB Adam Hairston 0-0: Foul Ball, location: 2F
0-1: Foul Ball, location: 2F
0-2: Foul Ball, location: 2F
0-2: Strikes out swinging
Bottom of the 4th over - 2 runs, 2 hits, 0 errors, 1 left on base; Iowa 6 - Las Vegas 2
TOP OF THE 5TH
Iowa Cubs batting - Pitching for Las Vegas 51s : LHP Ryan Price
Batting: LHB Rich Atterberry 0-0: Called Strike
0-1: Swinging Strike
0-2: Ball
1-2: Strikes out swinging
Batting: SHB Seung-ho Zhang 0-0: Foul Ball, location: 2F
0-1: Called Strike
0-2: Ball
1-2: Strikes out swinging
Batting: SHB Nick Chandler 0-0: Ball
1-0: Called Strike
1-1: Swinging Strike
1-2: Strikes out swinging
Top of the 5th over - 0 runs, 0 hits, 0 errors, 0 left on base; Iowa 6 - Las Vegas 2
BOTTOM OF THE 5TH
Las Vegas 51s batting - Pitching for Iowa Cubs : RHP Pat Stone
Batting: LHB Ben Goldstein 0-0: Ball
1-0: Ground out U3 (Groundball, 34, EV 86.9 MPH)
Batting: RHB Seth Daniel 0-0: Called Strike
0-1: Called Strike
0-2: Ball
1-2: SINGLE (Groundball, 6MD, EV 98.1 MPH)
Batting: RHB Leon Edwards 0-0: Fly out, F8 (Flyball, 8RXD, EV 100.6 MPH)
Batting: RHB Jordan Martin 0-0: Called Strike
0-1: Ball
1-1: Fielders Choice at 2nd, 5-4 (Groundball, 56, EV 105.0 MPH)
Bottom of the 5th over - 0 runs, 1 hit, 0 errors, 1 left on base; Iowa 6 - Las Vegas 2
TOP OF THE 6TH
Iowa Cubs batting - Pitching for Las Vegas 51s : LHP Ryan Price
Batting: LHB Jose Mojica 0-0: Called Strike
0-1: Ball
1-1: Foul Ball, location: 2F
1-2: Strikes out swinging
Batting: LHB Bobby Adams 0-0: Ball
1-0: Ground out 3-1 (Groundball, 34S, EV 86.3 MPH)
Batting: LHB Barend van der Kamp 0-0: Fly out, F7 (Flyball, 7S, EV 87.5 MPH)
Top of the 6th over - 0 runs, 0 hits, 0 errors, 0 left on base; Iowa 6 - Las Vegas 2
BOTTOM OF THE 6TH
Las Vegas 51s batting - Pitching for Iowa Cubs : RHP Pat Stone
Pitching: RHP Mike Richardson
Batting: SHB Billy Encinias 0-0: Foul Ball, location: 2F
0-1: Ball
1-1: Swinging Strike
1-2: Strikes out swinging, 2-3 out at first.
Batting: SHB Roberto Magne 0-0: Ball
1-0: SINGLE (Line Drive, 9S, EV 108.8 MPH)
Batting: SHB Josh Schultze 0-0: Foul Ball, location: 2F
0-1: SINGLE (Line Drive, 7S, EV 103.8 MPH)
Roberto Magne to second
Batting: LHB Bill Armijo 0-0: Ball
1-0: Ball
2-0: Ball
3-0: Called Strike
3-1: Swinging Strike
3-2: Foul Ball, location: 2F
3-2: Base on Balls
Roberto Magne to third
Josh Schultze to second
Batting: LHB Adam Hairston 0-0: Ball
1-0: Foul Ball, location: 2F
1-1: Fly out, F8 (Flyball, 8RS, EV 85.0 MPH)
Batting: LHB Ben Goldstein 0-0: Ball
1-0: Fielders Choice at 2nd, 5-4 (Groundball, 56, EV 103.1 MPH)
Bottom of the 6th over - 0 runs, 2 hits, 0 errors, 3 left on base; Iowa 6 - Las Vegas 2
TOP OF THE 7TH
Iowa Cubs batting - Pitching for Las Vegas 51s : LHP Ryan Price
Pitching: RHP Javier Perez
Batting: RHB Pat Barton 0-0: Ground out 6-3 (Groundball, 6, EV 81.9 MPH)
Batting: RHB Butch Koglin 0-0: Ball
1-0: Swinging Strike
1-1: SINGLE (Flyball, 7, EV 100.0 MPH)
Batting: LHB J.D. Brenner 0-0: Ball
1-0: Foul Ball, location: 2F
1-1: SINGLE (Groundball, 4, EV 99.4 MPH)
Butch Koglin to second
Batting: LHB Rich Atterberry 0-0: Ball
1-0: Foul Ball, location: 2F
1-1: Ball
2-1: Ball
3-1: Swinging Strike
3-2: Strikes out looking
Batting: SHB Seung-ho Zhang 0-0: Called Strike
0-1: Ball
1-1: Ball
2-1: Ball
3-1: Called Strike
3-2: Ground out 2-3 (Groundball, 15S, EV 67.5 MPH)
Top of the 7th over - 0 runs, 2 hits, 0 errors, 2 left on base; Iowa 6 - Las Vegas 2
BOTTOM OF THE 7TH
Las Vegas 51s batting - Pitching for Iowa Cubs : RHP Mike Richardson
Pitching: RHP Andy Temples
Batting: RHB Seth Daniel 0-0: Called Strike
0-1: Ground out 6-3 (Groundball, 6, EV 98.1 MPH)
Batting: RHB Leon Edwards 0-0: Ball
1-0: Ball
2-0: Ground out 5-3 (Groundball, 56, EV 85.0 MPH)
Batting: RHB Jordan Martin 0-0: Ball
1-0: Ball
2-0: Called Strike
2-1: Ball
3-1: Base on Balls
Batting: SHB Billy Encinias 0-0: Swinging Strike
0-1: Swinging Strike
0-2: Ball
1-2: Ground out 4-3 (Groundball, 34D, EV 105.0 MPH)
Bottom of the 7th over - 0 runs, 0 hits, 0 errors, 1 left on base; Iowa 6 - Las Vegas 2
TOP OF THE 8TH
Iowa Cubs batting - Pitching for Las Vegas 51s : RHP Javier Perez
Pitching: RHP Justin Overlie
Batting: SHB Nick Chandler 0-0: Called Strike
0-1: Swinging Strike
0-2: Ball
1-2: Strikes out looking
Batting: LHB Jose Mojica 0-0: Ball
1-0: Swinging Strike
1-1: Foul Ball, location: 2F
1-2: Strikes out swinging
Batting: LHB Bobby Adams 0-0: Called Strike
0-1: Ball
1-1: SINGLE (Line Drive, 89S, EV 103.8 MPH)
Batting: LHB Barend van der Kamp 0-0: Called Strike
0-1: SINGLE (Flyball, 7S, EV 88.8 MPH)
Bobby Adams to second
Batting: RHB Pat Barton 0-0: Fielders Choice at 2nd, 5-4 (Groundball, 56, EV 103.8 MPH)
Top of the 8th over - 0 runs, 2 hits, 0 errors, 2 left on base; Iowa 6 - Las Vegas 2
BOTTOM OF THE 8TH
Las Vegas 51s batting - Pitching for Iowa Cubs : RHP Andy Temples
Pitching: RHP Joe Pate
Batting: SHB Roberto Magne 0-0: Ball
1-0: Ball
2-0: Called Strike
2-1: Fly out, F8 (Line Drive, 8LM, EV 93.1 MPH)
Batting: SHB Josh Schultze 0-0: Foul Ball, location: 2F
0-1: Fly out, F9 (Flyball, 89M, EV 83.8 MPH)
Batting: LHB Bill Armijo 0-0: Ball
1-0: Swinging Strike
1-1: Foul Ball, location: 2F
1-2: Strikes out swinging
Bottom of the 8th over - 0 runs, 0 hits, 0 errors, 0 left on base; Iowa 6 - Las Vegas 2
TOP OF THE 9TH
Iowa Cubs batting - Pitching for Las Vegas 51s : RHP Justin Overlie
Batting: RHB Butch Koglin 0-0: Ball
1-0: SINGLE (Line Drive, 5L, EV 104.4 MPH)
Batting: LHB J.D. Brenner 0-0: Swinging Strike
0-1: Foul Ball, location: 2F
0-2: Ball
1-2: Strikes out swinging
Batting: LHB Rich Atterberry 0-0: Swinging Strike
0-1: Swinging Strike
0-2: Strikes out swinging
Batting: SHB Seung-ho Zhang 0-0: Ball
1-0: DOUBLE (Groundball, 3L, EV 105.6 MPH)
Butch Koglin to third
Batting: SHB Nick Chandler 0-0: Ball
1-0: Reached via error on a dropped throw from 1B, E1 (Groundball, 34S, EV 93.1 MPH)
Butch Koglin scores
Seung-ho Zhang to third
Batting: LHB Jose Mojica 0-0: Ball
1-0: Fly out, F8 (Flyball, 78D, EV 85.0 MPH)
Top of the 9th over - 1 run, 2 hits, 1 error, 2 left on base; Iowa 7 - Las Vegas 2
BOTTOM OF THE 9TH
Las Vegas 51s batting - Pitching for Iowa Cubs : RHP Joe Pate
Batting: LHB Adam Hairston 0-0: Ground out U3 (Groundball, 34S, EV 92.5 MPH)
Batting: LHB Ben Goldstein 0-0: Ball
1-0: Called Strike
1-1: Ball
2-1: Ground out 3-1 (Groundball, 34, EV 80.0 MPH)
Batting: RHB Seth Daniel 0-0: Ball
1-0: Ball
2-0: Ground out 4-3 (Groundball, 4, EV 86.3 MPH)
Bottom of the 9th over - 0 runs, 0 hits, 0 errors, 0 left on base; Iowa 7 - Las Vegas 2
Thursday, March 31st , 2022 - OOTP Baseball 22.12 Build 89